 Dungeon Crawl Stone Soup version 0.30.0-19-g36f170ea60 (webtiles) character file.

Game seed: 3002056322923650392

10304 EC1 the Protected (level 11, -1/77 HPs)
             Began as a Human Fighter on June 1, 2023.
             Was a Believer of Hepliaklqana.
             Slain by a black bear (2 damage)
             ... while petrified by a basilisk
             ... on level 9 of the Dungeon.
             The game lasted 00:33:50 (7578 turns).

EC1 the Protected (Human Fighter)                   Turns: 7578, Time: 00:33:51

Health: -1/77      AC: 23    Str: 20    XL:     11   Next: 90%
Magic:  11/11      EV:  2    Int:  6    God:    Hepliaklqana [**....]
Gold:   656        SH:  0    Dex: 22    Spells: 10/10 levels left

rFire   . . .        H - +7 war axe (vamp)
rCold   . . .        o - orb {*Rage}
rNeg    + + +        N - +4 plate armour
rPois   ∞            (no helmet)
rElec   .            B - scarf {repulsion}
rCorr   .            (no gloves)
SInv    .            (no boots)
Will    .....        j - amulet of reflection Stlth
                     h - +6 ring of dexterity
HPRegen 0.32/turn    A - +4 ring of protection
MPRegen 0.12/turn

%: random rage (20%), repel missiles, reflection
@: petrified, studying Armour
A: reduced essence, agile 1, dopey 1
a: Renounce Religion, Recall Ancestor, Ancestor Identity


You were on level 9 of the Dungeon.
You worshipped Hepliaklqana.
Hepliaklqana was pleased with you.
You visited 1 branch of the dungeon, and saw 9 of its levels.
You also visited: Ossuary and Bailey.

You collected 656 gold pieces.

Inventory:

Hand Weapons
 b - a +2 short sword of venom
 g - a +7 broad axe
 m - the +8 rapier "Soiduts" {spect, rF+ rCorr}
   (You found it on level 2 of the Dungeon)

   rF:        It protects you from fire.
   rCorr:     It protects you from acid and corrosion.
 s - the +4 quarterstaff of the Valley {pain, rElec rCorr Stlth-}
   (You found it on level 8 of the Dungeon)

   rElec:     It insulates you from electricity.
   rCorr:     It protects you from acid and corrosion.
   Stlth:     It makes you less stealthy.
 E - a +2 quarterstaff of chaos
 H - a +7 vampiric war axe (weapon)
 P - a +0 long sword of flaming
Missiles
 G - a throwing net (quivered)
Armour
 l - a +0 plate armour
 o - an orb of wrath (worn)
 p - a +0 cloak
 q - a +0 plate armour
 r - a +0 kite shield
 B - a scarf of repulsion (worn)
 F - a +0 cloak
 N - a +4 plate armour (worn)
 Q - +0 swamp dragon scales
 V - +0 steam dragon scales
Magical Staves
 n - a staff of conjuration
 v - a staff of fire
Jewellery
 c - a +6 ring of dexterity
 h - a +6 ring of dexterity (left hand)
 j - an amulet of reflection (around neck)
 A - a +4 ring of protection (right hand)
 C - a +5 ring of evasion
 K - a ring of fire
 M - a ring of positive energy
 Y - a +5 ring of evasion
Wands
 a - a wand of acid (2)
 D - a wand of charming (11)
 O - a wand of mindburst (14)
 W - a wand of polymorph (5)
Scrolls
 e - 2 scrolls of blinking
 f - 6 scrolls of identify
 k - 7 scrolls of teleportation
 u - 3 scrolls of amnesia
 R - 4 scrolls of fear
 S - 3 scrolls of fog
Potions
 d - 2 potions of might
 i - 3 potions of cancellation
 t - 6 potions of curing
 w - 3 potions of brilliance
 x - 3 potions of haste
 z - a potion of lignification
 I - a potion of experience
 J - a potion of resistance {unknown}
 T - 4 potions of mutation
 U - 3 potions of magic
 X - a potion of heal wounds
Miscellaneous
 Z - a lightning rod (4/4)


   Skills:
 + Level 7.9 Fighting
 + Level 10.5 Short Blades
 + Level 6.8 Axes
 + Level 12.0 Armour
 + Level 1.5 Dodging
 + Level 3.0 Stealth
 + Level 6.6 Shields


You had 10 spell levels left.
You didn't know any spells.
Your spell library contained the following spells:

 Spells                   Type           Power      Damage    Failure   Level
 Freeze                   Ice            0%         1d3       100%        1
 Sting                    Tmut/Pois      0%         1d3       100%        1
 Cigotuvi's Dreadful Rot  Necr/Pois/Air  0%         N/A       100%        2
 Poisonous Vapours        Pois/Air       0%         N/A       100%        2
 Frozen Ramparts          Ice            0%         1d1       100%        3
 Hailstorm                Conj/Ice       0%         3d3       100%        3
 Ignite Poison            Fire/Tmut/Pois 0%         N/A       100%        3
 Mephitic Cloud           Conj/Pois/Air  0%         N/A       100%        3
 Olgreb's Toxic Radiance  Pois           0%         N/A       100%        4
 Freezing Cloud           Conj/Ice/Air   0%         6-21      100%        5


Dungeon Overview and Level Annotations

Branches:
Dungeon (9/15)             Temple (0/1) D:6             Orc (0/2) D:9
Ossuary (visited)          Bailey (visited)
   Lair: D:8-11

Altars:
Cheibriados
Elyvilon
Fedhas
Hepliaklqana
Makhleb
Okawaru
Qazlal
Sif Muna
Trog
Uskayaw
Yredelemnul
Zin

Shops:
D:5 (   D:9 [(


Innate Abilities, Weirdness & Mutations

Your life essence is reduced to manifest your ancestor. (-10% HP)
You are agile. (Dex +4, Str/Int -1)
You are dopey. (Int -2)


Message History

The black bear claws you. The water moccasin bites you.
* * * LOW HITPOINT WARNING * * *
Nolwazi barely misses the black bear.
The basilisk bites you but does no damage.
The black bear bites you but does no damage.
The black bear claws you but does no damage. x2
You recover from your berserk rage.
The water moccasin bites you but does no damage.
The basilisk bites you but does no damage.
The black bear bites you but does no damage.
The black bear claws you but does no damage. x2
Nolwazi closely misses the black bear.
The water moccasin bites you.
* * * LOW HITPOINT WARNING * * *
The water moccasin bites you.
* * * LOW HITPOINT WARNING * * *
The basilisk bites you but does no damage.
The black bear bites you but does no damage.
The black bear claws you but does no damage.
The black bear claws you. The water moccasin bites you.
* * * LOW HITPOINT WARNING * * *
Nolwazi hits the black bear with a +0 flail!
The basilisk bites you.
* * * LOW HITPOINT WARNING * * *
The black bear goes berserk!
The water moccasin bites you but does no damage.
The black bear bites you but does no damage.
The black bear claws you but does no damage. x2
The water moccasin bites you but does no damage.
The basilisk bites you but does no damage.
Nolwazi barely misses the black bear.
The black bear bites you but does no damage.
The black bear claws you but does no damage. x2
The water moccasin bites you but does no damage.
The basilisk bites you but does no damage.
The black bear bites you!
* * * LOW HITPOINT WARNING * * *
The black bear claws you.
You die...

..# ..###.
#.##........ ......
......(.... ...###
#....PP..♣P ...#
#.......PP. ..##
#.......... ..# #
##.......P.. .######.
###..lRh......
........###.....@...♣
.##..##..........S.##
........#....#.###...#
...............# ##.#
...#........#### #
..#######.#.#
....#####.#.###
.#......††#...#
.#.#####....#.


You could see the friendly Nolwazi the knight, a basilisk, a water moccasin and
a black bear (berserk, ally target).

Vanquished Creatures
  An orc warlord (Bailey)
  Pikel (D:4)
  A gargoyle (D:7)
  A hornet (D:8)
  9 yaks
  A basilisk (D:9)
  2 steam dragons (D:8)
  2 water moccasins (D:9)
  An acid dragon (D:5)
  4 orc warriors
  6 black bears
  2 ice beasts
  2 sky beasts
  4 ogres
  2 wolves (D:9)
  4 centaurs
  A phantom (D:6)
  A lemure (D:4)
  2 kobold brigands
  2 bullfrogs
  2 scorpions
  9 killer bees (D:8)
  3 howler monkeys
  A centaur zombie (Ossuary)
  2 bullfrog zombies (D:5)
  2 hounds
  Crazy Yiuf (D:5)
  3 jellies
  3 orc priests (D:6)
  A gnoll bouda (D:7)
  2 sleepcaps
  An iguana (D:6)
  4 orc wizards (D:5)
  2 scorpion zombies (D:5)
  A hound zombie (D:5)
  5 mummies (Ossuary)
  12 gnolls
  8 adders
  A shadow imp (D:5)
  A white imp (D:6)
  2 ufetubi
  An adder zombie (D:3)
  2 worms (D:2)
  6 dart slugs
  24 orcs
  4 bats
  5 endoplasms
  A giant cockroach (D:1)
  A gnoll zombie (Ossuary)
  7 goblins
  8 hobgoblins
  2 quokkas
  3 ball pythons
  2 frilled lizards (D:1)
  2 goblin zombies (Ossuary)
  2 hobgoblin zombies (Ossuary)
  A jackal skeleton (D:3)
  20 kobolds
  An orc zombie (Ossuary)
  2 quokka skeletons (D:3)
  3 rats
  A butterfly (D:6)
213 creatures vanquished.

Vanquished Creatures (collateral kills)
  A two-headed ogre (D:8)
  Maggie (D:7)
  A vampire (D:9)
  4 yaks (D:9)
  A basilisk (D:9)
  A water moccasin (D:9)
  2 orc warriors (Bailey)
  A black bear (D:9)
  A centaur (D:9)
  A kobold brigand (D:8)
  A bullfrog (D:9)
  A wight (D:8)
  2 killer bees (D:8)
  A gnoll bouda (D:6)
  A gnoll (D:6)
  6 orcs
  15 kobolds
  An orc zombie (Ossuary)
42 creatures vanquished.

Grand Total: 255 creatures vanquished

Notes
Turn   | Place    | Note
-------+----------+-------------------------------------------
     0 | D:1      | EC1 the Human Fighter began the quest for the Orb.
     0 | D:1      | Reached XP level 1. HP: 18/18 MP: 1/1
   163 | D:1      | Reached XP level 2. HP: 21/24 MP: 2/2
   936 | D:2      | Reached XP level 3. HP: 27/29 MP: 3/3
   991 | D:2      | Identified the +8 rapier "Soiduts" {spect, rF+ rCorr}
  1179 | D:2      | Gained mutation: You are dopey. (Int -2) [potion of
                  | mutation]
  1179 | D:2      | Gained mutation: You are agile. (Dex +4, Str/Int -1)
                  | [potion of mutation]
  1198 | D:2      | Reached XP level 4. HP: 35/35 MP: 4/4
  1970 | D:3      | Noticed a black bear
  1975 | D:3      | Killed a black bear
  1976 | D:3      | Reached skill level 1 in Short Blades
  1976 | D:3      | Reached XP level 5. HP: 41/41 MP: 5/5
  2113 | D:3      | Reached XP level 6. HP: 47/47 MP: 6/6
  2303 | D:4      | Identified a scroll of acquirement
  2303 | D:4      | Acquired a manual of Armour
  2321 | D:4      | Reached skill level 4 in Armour
  2321 | D:4      | Reached skill level 1 in Stealth
  2338 | D:4      | Noticed a black bear
  2340 | D:4      | Noticed a black bear
  2341 | D:4      | Killed a black bear
  2344 | D:4      | Killed a black bear
  2345 | D:4      | Reached XP level 7. HP: 46/53 MP: 7/7
  2496 | D:4      | Noticed Pikel
  2504 | D:4      | Killed Pikel
  2505 | D:4      | Reached skill level 5 in Armour
  2505 | D:4      | Reached skill level 1 in Dodging
  2505 | D:4      | Reached XP level 8. HP: 61/61 MP: 8/8
  2551 | D:4      | Reached skill level 5 in Short Blades
  2551 | D:4      | Reached skill level 6 in Armour
  2965 | D:5      | Entered Level 5 of the Dungeon
  3085 | D:5      | Reached XP level 9. HP: 67/67 MP: 9/9
  3093 | D:5      | Reached skill level 5 in Fighting
  3186 | D:5      | Reached skill level 7 in Armour
  3218 | D:5      | Found a snail-covered altar of Cheibriados.
  3231 | D:5      | Found a hazy altar of Hepliaklqana.
  3237 | D:5      | Found a blossoming altar of Fedhas.
  3241 | D:5      | Found a burning altar of Makhleb.
  3245 | D:5      | Found a stormy altar of Qazlal.
  3251 | D:5      | Found a white marble altar of Elyvilon.
  3257 | D:5      | Found an iron altar of Okawaru.
  3301 | D:5      | Became a worshipper of Hepliaklqana the Forgotten
  3396 | D:5      | Found a bloodstained altar of Trog.
  3454 | D:5      | Found Lukourgh's Antique Weapon Boutique.
  3484 | D:5      | Found a glowing silver altar of Zin.
  3624 | D:5      | Found a basalt altar of Yredelemnul.
  3674 | D:5      | Found a runed translucent door.
  3675 | D:5      | Noticed Crazy Yiuf
  3819 | D:5      | Killed Crazy Yiuf
  3886 | D:5      | Reached skill level 5 in Shields
  3949 | D:6      | Reached skill level 8 in Armour
  4221 | D:6      | Found a staircase to the Ecumenical Temple.
  4242 | D:6      | Identified the +5 dagger "Railil" {pain, rC+ Str+3}
  4370 | D:6      | Found a hide-covered altar of Uskayaw.
  4387 | D:6      | Reached XP level 10. HP: 72/74 MP: 10/10
  4402 | D:6      | Reached * piety under Hepliaklqana
  4665 | D:6      | Reached skill level 9 in Armour
  5103 | D:7      | Noticed a gargoyle
  5107 | D:7      | Killed a gargoyle
  5219 | D:7      | Reached ** piety under Hepliaklqana
  5221 | D:7      | Remembered your ancestor Nolwazi as a knight
  5230 | D:7      | Noticed Maggie
  5247 | D:7      | Killed Maggie
  5248 | D:7      | Reached skill level 10 in Armour
  5473 | D:7      | Found a sand-covered staircase.
  5483 | Ossuary  | Entered an ossuary
  5780 | D:7      | Found a shimmering blue altar of Sif Muna.
  5986 | D:8      | Found a flagged portal.
  5998 | Bailey   | Entered a bailey
  6018 | Bailey   | Noticed an orc warlord
  6091 | Bailey   | Found a runed translucent gate.
  6092 | Bailey   | Found a runed translucent gate.
  6125 | Bailey   | Found a runed translucent gate.
  6210 | Bailey   | Killed an orc warlord
  6211 | Bailey   | Reached skill level 10 in Short Blades
  6211 | Bailey   | Reached skill level 11 in Armour
  6497 | D:8      | Reached XP level 11. HP: 74/74 MP: 11/11
  6637 | D:8      | Noticed a two-headed ogre
  6642 | D:8      | Killed a two-headed ogre
  6884 | D:8      | Identified the +4 quarterstaff of the Valley {pain, rElec
                  | rCorr Stlth-}
  7044 | D:8      | Reached skill level 5 in Axes
  7312 | D:9      | Found Soublol's Weapon Emporium.
  7317 | D:9      | Found a staircase to the Orcish Mines.
  7321 | D:9      | Found Ysatt's Armour Emporium.
  7572 | D:9      | Reached skill level 12 in Armour
  7578 | D:9      | HP: 1/77 [black bear (5)]
  7578 | D:9      | Slain by a black bear

Illustrated notes

Levels and vault maps discovered:
D:1:      dpeg_arrival_morbid_curiosity, layout_loops_ring
D:2:      layout_basic, moated_statue
D:3:      wander_river, layout_rooms, serial_undead, serial_undead_f,
          serial_undead_d, serial_undead_d, serial_undead_a
D:4:      layout_rooms, uniq_pikel
D:5:      layout_rooms, nicolae_yredelemnul_corpse_copse,
          grunt_temple_overflow_octagram, lemuel_crystal_altar,
          mainiacjoe_overflow_six_doors_small, portal_sewer_entry_d,
          serial_shops, nicolae_shop_tiny_statue_garden, bh_walls_and_bars,
          uniq_crazy_yiuf_cottage
D:6:      layout_basic, nicolae_uskayaw_suspiria,
          minmay_temple_entry_butterflies
D:7:      layout_gridville, led_sif_pool, lightli_ossuary_entry_decrepit_ruins,
          uniq_maggie
D:8:      layout_rooms, enter_bailey_2, kennysheep_generic_room_7
D:9:      layout_rooms, minmay_lair_entry_grove, orc_david_3,
          minmay_statue_bubble, uniq_maurice

Skill      XL: |  1  2  3  4  5  6  7  8  9 10 11 |
---------------+----------------------------------+-----
Axes           | 3 4 6 |  6.8
Short Blades   | 1 2 4 6 8 10 | 10.5
Armour         | 4 5 6 8 11 12 | 12.0
Stealth        | 1 2 3 |  3.0
Shields        | 4 5 6 |  6.6
Fighting       | 4 5 6 7 |  7.9
Dodging        | 1 |  1.5

Action                     |  1- 3 |  4- 6 |  7- 9 | 10-12 || total
---------------------------+-------+-------+-------+-------++-------
  Melee: War axe           |    37 |       |       |    96 ||   133
         Rapier            |    16 |    35 |   165 |   121 ||   337
 Invoke: Ancestor Identity |       |       |       |     2 ||     2
         Ancestor Life: Kn |       |       |       |     1 ||     1
    Use: Potion            |     5 |     3 |     3 |     1 ||    12
         Scroll            |     3 |     4 |     1 |    11 ||    19
   Stab: Distracted        |       |       |     1 |     1 ||     2
 Armour: Scale mail        |    33 |     4 |       |       ||    37
         Plate armour      |       |    22 |   109 |   288 ||   419
  Dodge: Dodged            |    32 |    12 |    38 |   127 ||   209
         Repelled          |       |       |     2 |     1 ||     3
  Block: Buckler           |    11 |       |       |       ||    11
         Orb               |     9 |     8 |    32 |    72 ||   121
         Reflection        |     1 |       |     3 |     5 ||     9
